 Dungeon Crawl Stone Soup version 0.29-a0-1008-g949cc1d0fb (webtiles) character file.

Game seed: 3957104078369254315

18 garrulousMonolith the Shield-Bearer (level 2, 0/29 HPs)
             Began as a Gnoll Fighter on Aug 8, 2022.
             Succumbed to an adder's poison
             ... on level 2 of the Dungeon.
             The game lasted 00:00:33 (1115 turns).

garrulousMonolith the Shield-Bearer (Gnoll Fighter) Turns: 1115, Time: 00:00:34

Health: 0/29       AC:  7    Str: 15    XL:     2   Next: 66%
Magic:  2/2        EV:  9    Int:  7    God:
Gold:   97         SH:  5    Dex: 11    Spells: 2/2 levels left

rFire   . . .      SeeInvis .   a - +0 long sword
rCold   . . .      Faith    .   c - +0 buckler
rNeg    . . .      Spirit   .   b - +0 scale mail
rPois   .          Reflect  .   (no helmet)
rElec   .          Harm     .   (no cloak)
rCorr   .          Rampage  .   (no gloves)
Will    .....                   (no boots)
Stlth   ..........              (no amulet)
HPRegen 0.09/turn               (no ring)
MPRegen 0.08/turn               (no ring)

@: mighty, lethally poisoned (0 -> -5)
A: fangs 1, strong nose, distributed training
a: no special abilities


You were on level 2 of the Dungeon.
You visited 1 branch of the dungeon, and saw 2 of its levels.

You collected 97 gold pieces.

Inventory:

Hand Weapons
 a - a +0 long sword (weapon)
Armour
 b - a +0 scale mail (worn)
 c - a +0 buckler (worn)
Jewellery
 e - a ring of poison resistance
 f - a ring of protection from fire
Scrolls
 g - a scroll of magic mapping {unknown}


   Skills:
 + Level 6.5 Fighting
 + Level 0.5 Short Blades
 + Level 4.5 Long Blades
 + Level 0.5 Axes
 + Level 0.5 Maces & Flails
 + Level 0.5 Polearms
 + Level 0.5 Staves
 + Level 0.5 Ranged Weapons
 + Level 0.5 Throwing
 + Level 6.5 Armour
 + Level 0.5 Dodging
 + Level 0.5 Stealth
 + Level 6.5 Shields
 + Level 0.5 Unarmed Combat
 + Level 0.5 Spellcasting
 + Level 0.3 Conjurations
 + Level 0.3 Hexes
 + Level 0.3 Summonings
 + Level 0.3 Necromancy
 + Level 0.3 Translocations
 + Level 0.3 Transmutations
 + Level 0.3 Fire Magic
 + Level 0.3 Ice Magic
 + Level 0.3 Air Magic
 + Level 0.3 Earth Magic
 + Level 0.3 Poison Magic
 + Level 0.6 Invocations
 + Level 0.5 Evocations


You had 2 spell levels left.
You didn't know any spells.
Your spell library contained the following spells:

 Spells                   Type           Power      Damage    Failure   Level
 Beastly Appendage        Tmut           0%         N/A       86%         1
 Wereblood                Tmut           0%         N/A       95%         2
 Dazzling Flash           Conj/Hex       0%         N/A       99%         3
 Spider Form              Tmut/Pois      0%         N/A       99%         3
 Agony                    Necr           0%         N/A       100%        5
 Silence                  Hex/Air        0%         N/A       100%        5


Dungeon Overview and Level Annotations

Branches:
Dungeon (2/15)

Altars:


Innate Abilities, Weirdness & Mutations

You have very sharp teeth.
Your uncanny sense of smell can sniff out nearby items.
Your experience applies equally to all skills.


Message History

You barely miss the adder.
You feel sick. You block the adder's attack.
You barely miss the adder. Your bite misses the adder.
You feel sick. The adder bites you but does no damage. The adder bites you.
You are more poisoned.
The adder poisons you!
You barely miss the adder.
You feel sick. The adder closely misses you. The adder bites you.
You are too injured to fight recklessly!
The adder attacks as you move away! The adder bites you but does no damage.
You feel sick.
There is a stone staircase leading up here.
You completely miss the adder. Your bite misses the adder.
You feel sick. You block the adder's attack.
The adder bites you but does no damage.
You miss the adder. Your bite misses the adder.
You feel sick. The adder closely misses you.
You miss the adder.
You feel sick.
You are no longer poisoned.
You block the adder's attack. The adder bites you.
You hit the adder but do no damage. Your bite misses the adder.
The adder bites you.
You are poisoned.
The adder poisons you!
You slash the adder!
The adder is almost dead.
You feel sick. The adder bites you but does no damage. The adder bites you.
* * * LOW HITPOINT WARNING * * *
You are more poisoned.
The adder poisons you!
You miss the adder. Your bite misses the adder.
The adder is almost dead.
* * * LOW HITPOINT WARNING * * *
You feel very sick. The adder closely misses you.
You feel very mighty all of a sudden.
* * * LOW HITPOINT WARNING * * *
You feel sick. The adder bites you but does no damage.
You block the adder's attack.
You slash the adder!
You kill the adder!
You die...

#..
#..
##..
...
#..
#..
#..###
#?..@#
#.##.#
# #.#
...
#.##
#.#
### ∆


There were no monsters in sight!

Vanquished Creatures
  An adder (D:2)
  A dart slug (D:1)
  2 endoplasms (D:1)
  4 giant cockroaches (D:1)
  A goblin (D:1)
  A hobgoblin (D:1)
  A ball python (D:1)
  2 frilled lizards (D:1)
  2 kobolds (D:1)
  A rat (D:1)
16 creatures vanquished.

Notes
Turn   | Place    | Note
-------+----------+-------------------------------------------
     0 | D:1      | garrulousMonolith the Gnoll Fighter began the quest for the
                  | Orb.
     0 | D:1      | Reached XP level 1. HP: 23/23 MP: 1/1
   109 | D:1      | Reached XP level 2. HP: 29/29 MP: 2/2
  1114 | D:2      | HP: 1/29 [poisoned by an adder]
  1115 | D:2      | Succumbed to an adder's poison

Illustrated notes

Levels and vault maps discovered:
D:1:      dpeg_arrival_orchard, layout_loops_corners, minmay_pentomino_z2
D:2:      layout_loops_ring, reono_crystal_passage, grunt_decor_clamped,
          grunt_decor_junction, hangedman_decor_push, kennysheep_pointless_box,
          dk_noncrumbling_4, kennysheep_generic_room_9

Action                   || total
-------------------------++-------
Melee: Long sword        ||    60
       Bite              ||     3
  Use: Potion            ||     1
Armor: Scale mail        ||    27
Dodge: Dodged            ||    19
Block: Buckler           ||    19

Table legend: (Time is in decaauts)
 A = Elapsed time spent in this place.
 B = Non-inter-level travel time spent in this place.
 C = Inter-level travel time spent in this place.
 D = Time resting spent in this place.
 E = Time spent auto-exploring this place.
 F = Levels seen in this place.
 G = Mean time per level.
                   A        B        C        D        E       F      G
               +--------+--------+--------+--------+--------+-----+--------+
         Total |   1127 |   1058 |     69 |      0 |    927 |   2 |  563.5 |
       Dungeon |   1127 |   1058 |     69 |      0 |    927 |   2 |  563.5 |
               +--------+--------+--------+--------+--------+-----+--------+

Top non-repeatable levels by time:
     D:1: 1112 daAuts
     D:2: 14 daAuts
